Map: Frozen Temple

Players

Miszu

  • Race: Terran Terran
  • League: Master

Happy - Winner!

  • Race: Terran Terran
  • League: Grandmaster

VOD

Have the link to the VOD?

Description

Time

  • Played on: April 6, 2016, 3:17 p.m.
  • Length: 5:54
Show
View Real Time Build Order
Export as new Build Order

Miszu Terran 

Build Orders: 1/1/1, Liberator Opening 

Get SALT Encoding   

  12  0:00  SCV  
  13  0:13  SCV  
  14  0:18  Supply Depot  
  14  0:25  SCV  
  15  0:29  Refinery  
  15  0:39  SCV  
  16  0:45  Barracks  
  16  0:52  SCV  
  17  1:00  Refinery  
  17  1:04  SCV  
  18  1:16  SCV  
  20  1:34  Orbital Command  
  20  1:35  Factory  
  20  1:37  Marine  
  20  1:55  Marine  
  20  1:59  Supply Depot  
  20  2:00  SCV  
  22  2:12  SCV  
  23  2:18  Starport  
  23  2:20  Marine  
  23  2:21  Hellion  
  26  2:24  SCV  
  27  2:30  Supply Depot  
  27  2:36  SCV  
  28  2:37  Liberator  
  28  2:38  Marine  
  29  2:46  Hellion  
  31  2:51  SCV  
  31  2:57  Marine  
  36  3:01  Engineering Bay  
  36  3:03  SCV  
  37  3:12  Factory Tech Lab  
  37  3:14  Hellion  
  37  3:19  Barracks Reactor  
  39  3:20  Supply Depot  
  39  3:27  Missile Turret  
  39  3:35  Factory Tech Lab  
  39  3:41  Medivac, SCV  
  42  3:54  SCV  
  43  3:56  Cyclone  
  46  4:07  Command Center  
  46  4:08  SCV  
  47  4:15  Marine  
  47  4:16  Marine  
  46  4:20  SCV  
  47  4:26  Viking  
  49  4:32  SCV  
  50  4:45  SCV  
  51  4:58  SCV  
  52  5:09  Siege Tank  
  52  5:10  Barracks, Starport Reactor  
  52  5:12  Barracks  
  55  5:18  SCV, Marine x2  
  58  5:31  SCV  
  53  5:36  Marine x2  
Show
View Real Time Build Order
Export as new Build Order

Happy Terran - Winner!

Build Orders: 1/1/1 

Get SALT Encoding   

  12  0:01  SCV  
  13  0:13  SCV  
  14  0:17  Supply Depot  
  14  0:25  SCV  
  15  0:29  Refinery  
  15  0:39  SCV  
  16  0:44  Barracks  
  16  0:51  SCV  
  16  0:55  Refinery  
  17  1:03  SCV  
  18  1:15  SCV  
  19  1:27  SCV  
  19  1:32  Reaper  
  21  1:34  Factory  
  21  1:40  Orbital Command  
  21  1:50  Supply Depot  
  21  2:04  Reaper  
  21  2:07  SCV  
  23  2:19  SCV, Hellion  
  23  2:21  Starport  
  26  2:27  Supply Depot  
  26  2:31  SCV  
  26  2:36  Reaper  
  28  2:42  Hellion  
  28  2:43  SCV  
  31  2:55  SCV  
  32  3:00  Medivac  
  34  3:07  SCV, Hellion  
  34  3:10  Barracks Reactor  
  37  3:24  Command Center  
  37  3:29  Supply Depot  
  37  3:36  Viking  
  39  3:43  Factory Tech Lab  
  39  3:50  SCV, Marine x2  
  45  4:02  Siege Tank  
  45  4:05  SCV, Supply Depot  
  45  4:08  Marine  
  47  4:10  Marine  
  46  4:18  SCV  
  47  4:29  Viking  
  47  4:30  SCV  
  50  4:36  Orbital Command  
  50  4:42  SCV  
  51  4:46  Engineering Bay  
  51  4:50  Marine  
  51  4:52  Marine  
  53  4:56  Siege Tank  
  53  4:59  SCV  
  57  5:02  SCV  
  58  5:14  SCV  
  58  5:15  Barracks  
  58  5:17  Barracks  
Tags
 
Add a new tag
Caveats
  • Supply blocks, unpowered buildings, or Contaminate may cause inaccurate times.
  • Supply counts are checked every 10 seconds.